 Dungeon Crawl Stone Soup version 0.23.2-1-ga50397a6bc (webtiles) character file.

Game seed: 16664650876297644721

5040 Elric the Quickloader (level 10, -13/61 HPs)
             Began as a Kobold Hunter on May 14, 2019.
             Was an Elder of Okawaru.
             Killed from afar by Sonja (17 damage)
             ... with a wand of acid (4)
             ... on level 10 of the Dungeon.
             The game lasted 00:19:20 (9949 turns).

Elric the Quickloader (Kobold Hunter)               Turns: 9949, Time: 00:19:20

Health: -13/61     AC: 21    Str:  7 (10) XL:     10   Next: 85%
Magic:  0/10       EV:  4    Int: 11 (13) God:    Okawaru [****..]
Gold:   576        SH:  9    Dex: 17 (18) Spells: 9/9 levels left

rFire    . . .     SeeInvis .   a - +3 hand crossbow
rCold    . . .     Gourm    .   j - +1 buckler
rNeg     . . .     Faith    .   g - +0 plate armour
rPois    .         Spirit   +   q - +0 helmet
rElec    .         Reflect  .   C - scarf {Spirit}
rCorr    .         Harm     .   (no gloves)
MR       +....                  y - +1 pair of boots
Stlth    ..........             (no amulet)
HPRegen  0.20/turn              M - +6 ring of protection
MPRegen  0.12/turn              E - ring of protection from magic

@: lethally poisoned (-13 -> -35), heroism, slowed, very slow
A: small, carnivore
a: Heroism, Renounce Religion


You were on level 10 of the Dungeon.
You worshipped Okawaru.
Okawaru was greatly pleased with you.
You were hungry.

You visited 1 branch of the dungeon, and saw 10 of its levels.

You collected 576 gold pieces.

Inventory:

Hand Weapons
 a - a +3 hand crossbow (weapon)
 b - a +0 short sword
 N - a +0 fustibalus
Missiles
 d - 59 bolts (quivered)
Armour
 g - a +0 plate armour (worn)
 j - a +1 buckler (worn)
 q - a +0 helmet (worn)
 y - a +1 pair of boots (worn)
 C - a scarf of spirit shield (worn)
Jewellery
 l - an uncursed ring of fire
 E - a ring of protection from magic (right hand)
 K - an uncursed ring of protection from fire {unknown}
 M - a +6 ring of protection (left hand)
Wands
 c - a wand of acid (5)
 n - a wand of paralysis (8)
 x - a wand of disintegration (17)
 B - a wand of flame (36)
 H - a wand of iceblast (5)
Scrolls
 e - 3 scrolls of teleportation
 k - a scroll of magic mapping
 o - 9 scrolls of identify
 s - 2 scrolls of fog
 t - 5 scrolls of noise
 F - a scroll of enchant armour
 G - 6 scrolls of remove curse
Potions
 h - a potion of degeneration
 i - 2 potions of curing {unknown}
 m - 3 potions of flight
 p - a potion of might {unknown}
 r - a potion of magic {unknown}
 u - a potion of haste {unknown}
 v - a potion of mutation {unknown}
 w - a potion of lignification {unknown}
 z - a potion of invisibility {unknown}
 A - 2 potions of brilliance {unknown}
 D - 3 potions of heal wounds {unknown}
 I - a potion of resistance {unknown}
 J - a potion of ambrosia {unknown}
Comestibles
 f - 11 rations


   Skills:
 + Level 6.4(11.4) Fighting
 * Level 13.3(18.3) Crossbows
 + Level 6.9(11.9) Dodging
 - Level 1.3(6.3) Stealth
 + Level 6.0(11.0) Shields


You had 9 spell levels left.
You didn't know any spells.
Your spell library was empty.

Dungeon Overview and Level Annotations

Branches:
Dungeon (10/15)            Temple (0/1) D:5             Orc (0/2) D:10
   Lair: D:8-11

Altars:
Ashenzari
Kikubaaqudgha
Okawaru
Sif Muna
Trog
The Shining One

Shops:
D:5 =   D:6 %*   D:7 %(*:(

Annotations:
D:10 Sonja


Innate Abilities, Weirdness & Mutations

You are small and have problems with some larger weapons.
You are carnivorous and can eat meat at any time.


Message History

It was a potion of degeneration.
There was something very wrong with that liquid.
You feel weakened.
You feel dopey.
You feel clumsy.
* * * LOW HITPOINT WARNING * * *
You feel very sick.
Sonja twirls her cape.
Sonja casts a spell.
Sonja blinks!
Firing (i - inventory)
d - 60 bolts (quivered)
Press: ? - help, Shift-Dir - straight line, f/p - Sonja
Aim: Sonja, wielding a +0 blowgun and carrying a wand of acid (5) (heavily wounded)
You shoot a bolt. The bolt closely misses Sonja.
* * * LOW HITPOINT WARNING * * *
You feel very sick.
Sonja zaps a wand.
The bolt of acid hits you but does no damage.
You are splashed with acid!
* * * LOW HITPOINT WARNING * * *
Sonja zaps a wand.
The bolt of acid hits you!!
You die...

#................#....##
......................
..............##.....
.............###..... .
#.....#.....##..... ...
###...(#.....##....#
....#.#.............####
..K.......#.........##
##....@####.........#
.[..................##
...........##.......##
#...ยง................#
...(..##.......#.<...#
...#.. ..#>.#...#..##
..##.. ..#.........# (.
#.. ...........####
..#..........#.....#


You could see Sonja.

Vanquished Creatures
  2 hornets (D:8)
  A hippogriff (D:7)
  Sigmund (D:4)
  A steam dragon (D:7)
  Menkaure (D:4)
  2 sky beasts
  6 orc warriors
  An ice beast (D:7)
  A black bear (D:9)
  A phantom (D:6)
  A necrophage (D:9)
  4 ogres
  2 centaurs
  A crocodile (D:9)
  2 big kobolds
  7 bullfrogs
  A wyvern zombie (D:8)
  A scorpion (D:5)
  3 killer bees (D:8)
  2 bullfrog zombies
  A crimson imp (D:8)
  6 hounds
  11 orc wizards
  7 orc priests
  A bullfrog skeleton (D:4)
  2 iguanas
  Natasha (D:2)
  A gnoll shaman (D:8)
  10 worker ants
  A hound skeleton (D:5)
  A worker ant zombie (D:8)
  9 gnolls (D:8)
  7 adders
  5 shadow imps
  An ooze (D:5)
  2 adder zombies
  2 adder skeletons
  5 worms
  7 dart slugs
  3 leopard geckos
  35 orcs
  11 bats
  4 giant cockroaches
  6 goblins
  5 hobgoblins
  18 jackals
  7 quokkas
  3 ball pythons
  A ball python skeleton (D:4)
  2 frilled lizards
  16 kobolds
  2 leopard gecko skeletons
  A leopard gecko zombie (D:6)
  A quokka skeleton (D:7)
  11 rats
247 creatures vanquished.

Vanquished Creatures (others)
  A scorpion (D:7)
1 creature vanquished.

Grand Total: 248 creatures vanquished

Notes
Turn   | Place    | Note
-------+----------+-------------------------------------------
     0 | D:1      | Elric the Kobold Hunter began the quest for the Orb.
     0 | D:1      | Reached XP level 1. HP: 12/12 MP: 1/1
    22 | D:1      | Reached skill level 5 in Crossbows
    87 | D:1      | Reached XP level 2. HP: 10/17 MP: 2/2
   334 | D:1      | Reached XP level 3. HP: 21/21 MP: 3/3
   436 | D:1      | Reached skill level 6 in Crossbows
   946 | D:2      | Reached XP level 4. HP: 26/26 MP: 4/4
  1002 | D:2      | Noticed an ogre
  1010 | D:2      | Killed an ogre
  1010 | D:2      | Reached skill level 7 in Crossbows
  1010 | D:2      | Reached skill level 1 in Shields
  1010 | D:2      | Reached XP level 5. HP: 19/30 MP: 5/5
  1640 | D:2      | Reached XP level 6. HP: 35/35 MP: 6/6
  1759 | D:2      | Noticed Natasha
  1763 | D:2      | Killed Natasha
  1868 | D:3      | Reached skill level 8 in Crossbows
  2386 | D:3      | Found a glowing golden altar of the Shining One.
  2386 | D:3      | Found an iron altar of Okawaru.
  2387 | D:3      | Found a shattered altar of Ashenzari.
  2393 | D:3      | Became a worshipper of Warmaster Okawaru
  2745 | D:4      | Found an ancient bone altar of Kikubaaqudgha.
  2759 | D:4      | Noticed Sigmund
  2791 | D:4      | Reached XP level 7. HP: 24/40 MP: 7/7
  3286 | D:4      | Found a deep blue altar of Sif Muna.
  3365 | D:4      | Reached skill level 9 in Crossbows
  3562 | D:4      | Noticed Menkaure
  3571 | D:4      | Killed Menkaure
  3571 | D:4      | Reached * piety under Okawaru
  3742 | D:4      | Reached XP level 8. HP: 28/44 MP: 8/8
  3992 | D:4      | Killed Sigmund
  3992 | D:4      | Reached skill level 10 in Crossbows
  4275 | D:5      | Entered Level 5 of the Dungeon
  4301 | D:5      | Found Reothy's Jewellery Shop.
  4679 | D:5      | Reached ** piety under Okawaru
  4707 | D:5      | Found a staircase to the Ecumenical Temple.
  5076 | D:6      | Found Ajepp's Food Shop.
  5231 | D:6      | Found Siyros's General Store.
  5265 | D:6      | Reached XP level 9. HP: 45/51 MP: 1/9
  5414 | D:6      | Reached skill level 11 in Crossbows
  5689 | D:7      | Found Fisash's Food Shoppe.
  6116 | D:7      | Found Damyggum's Assorted Antiques.
  6128 | D:7      | Found Ahat's Book Shop.
  6169 | D:7      | Found Vupuffoo's Weapon Shop.
  6408 | D:7      | Found Ukolai Core's Antique Weapon Boutique.
  6481 | D:7      | Reached *** piety under Okawaru
  6697 | D:7      | Reached skill level 5 in Dodging
  6697 | D:7      | Reached skill level 5 in Shields
  6711 | D:7      | Noticed a hippogriff
  6746 | D:7      | Killed a hippogriff
  6746 | D:7      | Reached skill level 12 in Crossbows
  7033 | D:8      | Received a gift from Okawaru
  7046 | D:8      | Reached XP level 10. HP: 56/58 MP: 7/10
  7074 | D:8      | Reached skill level 5 in Fighting
  7498 | D:8      | Reached **** piety under Okawaru
  7949 | D:8      | Paralysed by a hornet for 2 turns
  8760 | D:9      | Reached skill level 13 in Crossbows
  8777 | D:9      | Received a gift from Okawaru
  9166 | D:9      | Noticed a moth of wrath
  9169 | D:9      | Found a bloodstained altar of Trog.
  9800 | D:10     | Entered Level 10 of the Dungeon
  9817 | D:10     | Found a staircase to the Orcish Mines.
  9941 | D:10     | Noticed Sonja
  9949 | D:10     | Killed from afar by Sonja

Skill      XL: |  1  2  3  4  5  6  7  8  9 10 |
---------------+-------------------------------+-----
Crossbows      | 5 6 7 8 9 10 12 13 | 13.3
Shields        | 1 2 3 4 5 6 |  6.0
Dodging        | 3 5 6 |  6.9
Fighting       | 3 4 6 |  6.4
Stealth        | |  1.3

Action                   |  1- 3 |  4- 6 |  7- 9 | 10-12 || total
-------------------------+-------+-------+-------+-------++-------
Melee: Hand crossbow     |       |       |     1 |       ||     1
 Fire: Hand crossbow     |    78 |   128 |   350 |   324 ||   880
Invok: Heroism           |       |       |     3 |     5 ||     8
  Use: Scroll            |       |     8 |       |     7 ||    15
       Potion            |       |       |     1 |     1 ||     2
  Eat: Chunk             |       |     3 |     7 |     3 ||    13
       Ration            |       |     1 |     3 |     3 ||     7
Armor: Plate armour      |    30 |    35 |    80 |    95 ||   240
Dodge: Dodged            |     5 |     4 |    10 |    28 ||    47
Block: Buckler           |     2 |     8 |    45 |    59 ||   114
